AoeStats
← Comend x comend

Socotra

506689774Analyzed
3v3 RM · 18d ago on Sep 14, 2026· 51m 44s· 6 players
Game mode
Random Map
Map size
128×128
Population
200
Speed
Normal
Resources
Standard
Victory
Conquest
Starting age
Dark Age
Ending age
Imperial Age
RankedLock teamsTeams togetherTeam positionsShared explorationLock speedFull tech treeHidden civsTurbo modeCheats
Victory
Defeat
🇨🇴 Goths · Colombia
1470
+9
🇩🇪 Japanese · Germany
1428
+10
🇵🇪 Celts · Peru
1378
+11
🇹🇼 Tatars · Taiwan
1298
-10
🇹🇼 Shu · Taiwan
1290
-10
🇹🇼 Bohemians · Taiwan
1290
-10
Comend x comend
8:45 Loom
10:58 Feudal Age
17:12 Castle Age
16:24 Double-Bit Axe
16:59 Gold Mining
17:14 Pikeman
32:14 Horse Collar
35:16 Wheelbarrow
40:32 Imperial Age
38:14 Stone Mining
41:06 Scale Mail Armor
41:16 Forging
43:22 Hand Cart
43:35 Conscription
43:26 Furor Celtica
43:59 Halberdier
44:25 Gambesons
44:26 Arson
44:14 Capped Ram
46:59 Siege Ram
49:33 Town Watch
52:45 Iron Casting
52:25 Chain Mail Armor
52:46 Iron Casting
CORT3S
6:30 Loom
9:58 Feudal Age
10:15 Man-at-Arms
17:51 Forging
17:58 Double-Bit Axe
18:51 Scale Mail Armor
23:54 Castle Age
22:29 Fletching
23:19 Horse Collar
23:33 Gold Mining
23:34 Stone Mining
24:39 Squires
24:13 Long Swordsman
25:58 Chain Mail Armor
26:35 Pikeman
29:32 Anarchy
36:47 Iron Casting
36:15 Town Watch
40:47 Wheelbarrow
44:05 Heavy Plow
44:17 Bow Saw
44:31 Bow Saw
45:12 Hand Cart
49:18 Imperial Age
48:24 Stone Shaft Mining
48:53 Caravan
50:25 Conscription
49:28 Elite Huskarl
51:16 Blast Furnace
50:55 Conscription
hermelin*?
1:55 Loom
13:07 Feudal Age
13:22 Man-at-Arms
14:43 Arson
18:08 Fletching
20:18 Padded Archer Armor
26:01 Castle Age
25:08 Double-Bit Axe
26:26 Elite Skirmisher
27:02 Bodkin Arrow
31:00 Stone Mining
32:08 Town Watch
32:58 Wheelbarrow
33:09 Leather Archer Armor
40:22 Horse Collar
44:46 Imperial Age
46:35 Bracer
死神兒
7:36 Loom
10:19 Feudal Age
18:15 Fletching
18:48 Padded Archer Armor
20:51 Wheelbarrow
26:07 Castle Age
25:08 Horse Collar
26:23 Double-Bit Axe
26:42 Bodkin Arrow
26:09 Crossbowman
27:33 Thumb Ring
27:47 Leather Archer Armor
30:51 Ballistics
34:45 Hand Cart
40:03 Imperial Age
40:08 Arbalester
40:53 Bracer
40:58 Gold Mining
42:23 Ring Archer Armor
軒Syuan
4:17 Loom
10:15 Feudal Age
11:07 Double-Bit Axe
21:32 Castle Age
20:59 Fletching
25:21 Bow Saw
28:21 Gold Mining
34:29 Horse Collar
35:59 Bodkin Arrow
35:51 Town Watch
37:11 Wheelbarrow
36:58 Padded Archer Armor
39:02 Leather Archer Armor
41:47 Gold Shaft Mining
43:23 Ballistics
51:25 Imperial Age
53:07 Imperial Age
funlove60403
10:14 Feudal Age
9:55 Loom
14:02 Double-Bit Axe
19:09 Castle Age
18:21 Scale Barding Armor
18:26 Forging
20:17 Chain Barding Armor
20:08 Forging
27:30 Husbandry
29:46 Bow Saw
29:16 Horse Collar
33:26 Wheelbarrow
35:20 Horse Collar
38:49 Hand Cart
Connection lost

Rejoining the realm…

Still unreachable

The connection could not be restored.

Session expired

The server has moved on; the page needs a fresh start.